[Event "Early-Titled-Tuesday-Blitz-May-14-2024"]
[Site "Chess.com"]
[Date "2024.05.14"]
[Round "5"]
[White "Yaacovn"]
[Black "Artemiki"]
[Result "1-0"]
[WhiteElo "2812"]
[BlackElo "2606"]
[TimeControl "180+1"]
[EndTime "8:57:24 PDT"]
[Termination "Yaacovn won on time"]

1. d4 Nf6 2. e3 c5 3. c3 d5 4. Nd2 Nc6 5. dxc5 a5 6. Bb5 e5 7. e4 Bxc5 8. exd5 Qxd5 9. Ngf3 Bxf2+ 10. Kxf2 Qc5+ 11. Ke1 Qxb5 12. Qe2 Qxe2+ 13. Kxe2 e4 14. Ng5 O-O 15. Ngxe4 Nxe4 16. Nxe4 Re8 17. Kf3 Ne5+ 18.
Kg3 Nc4 19. Ng5 Bf5 20. Nf3 Bg6 21. Nd4 Rad8 22. b3 Nd6 23. Bb2 Ne4+ 24. Kf4 Nf6 25.
Rae1 Nd5+ 26. Kf3 f6 27. g3 Bh5+ 28. Kf2 Bg6 29. h3 Be4 30. Rhg1 f5 31. Re2 f4 32. Rge1 fxg3+ 33. Kxg3 Bg6 34. Rxe8+ Rxe8 35. Rxe8+ Bxe8 36. c4 Nb4 37. Bc3 Nxa2 38. Bxa5 Nc1 39. Bd2 Nd3 40.
Kf3 Bd7 41. Ke3 Ne5 42. Ke4 Nc6 43. Nf5 g6 44. Nh6+ Kg7 45. h4 Kf6 46. Bc3+ Ke6 47. Ng8 b6 48. Nf6 Nb8 49. Nxh7 Bc6+ 50. Kd4 Nd7 51.
Ng5+ Kf5 52. b4 Kg4 53. Be1 Bb7 54. Nf7 Bc6 55. Bf2 Kf3 56. Be1 Ke2 57. Bg3 Kf3 58. Bc7 Kg4 59. Bd8 Kf3 60. b5 Bb7 61. Nd6 Ba8 62.
Nc8 Kg4 63. Nxb6 Nxb6 64. Bxb6 Kxh4 65. c5 g5 66. c6 g4 67. Bc7 g3 68. Bxg3+ Kxg3 69. Kc5 Kf4 70. b6 Ke5 71. b7 1-0

[Event "Early-Titled-Tuesday-Blitz-May-14-2024"]
[Site "Chess.com"]
[Date "2024.05.14"]
[Round "5"]
[White "Kazmin_Semyon"]
[Black "Kimkibo"]
[Result "1-0"]
[WhiteElo "2595"]
[BlackElo "2422"]
[TimeControl "180+1"]
[EndTime "8:57:24 PDT"]
[Termination "Kazmin_Semyon won by resignation"]

1. d4 d5 2. c4 e6 3. Nc3 Nf6 4. cxd5 exd5 5. Bg5 Be7 6. e3 O-O 7. Bd3 c6 8. Qc2 h6 9. Bh4 Re8 10. Nge2 Ne4 11. Bxe7 Qxe7 12. O-O Bf5 13. Rae1 Nxc3 14. Nxc3 Bxd3 15. Qxd3 Nd7 16. f3 Rad8 17. e4 dxe4 18. fxe4 Qb4 19. a3 Qxb2 20. Qc4 Rf8 21. Rb1 Qxa3 22. Rxb7 Nb6 23. Rfxf7 Qc1+ 24. Rf1+ Nxc4 25. Rxc1 Rxd4 26. Rxa7 Ne3 27. Ra2 Rc4 28. h3 Rc5 29. Re2 Nc4 30. Na4 Ra5 31. Rxc4 Rfa8 32. Nc3 1-0

[Event "Early-Titled-Tuesday-Blitz-May-14-2024"]
[Site "Chess.com"]
[Date "2024.05.14"]
[Round "5"]
[White "Alenzer"]
[Black "PapaieDudu"]
[Result "0-1"]
[WhiteElo "2214"]
[BlackElo "2380"]
[TimeControl "180+1"]
[EndTime "8:57:24 PDT"]
[Termination "PapaieDudu won by checkmate"]

1. e4 c5 2. Nf3 d6 3. d4 cxd4 4. Nxd4 Nf6 5. Nc3 a6 6. Bg5 e6 7. f4 Nbd7 8. Qf3 Qc7 9. O-O-O b5 10. Bxf6 Nxf6 11. e5 Bb7 12. Qg3 Nh5 13. Qe3 g6 14.
Be2 Nxf4 15. Qxf4 dxe5 16. Qf6 Bh6+ 17. Kb1 O-O 18. Nf3 Bg7 19. Qh4 b4 20. Na4 e4 21.
Ng5 h6 22. Nxe4 g5 23. Qg3 Be5 24. Nf6+ Kh8 25. Qh3 Kg7 26. Nh5+ Kg8 27. Ng3 Rac8 28. Bd3 Bg7 29. Nh5 Bh8 30. Qe3 Bc6 31. Nc5 Bb5 32. Ne4 f5 33. Nf2 e5 34. g3 e4 35.
Bxb5 Qxc2+ 36. Ka1 Bxb2# 0-1

[Event "Early-Titled-Tuesday-Blitz-May-14-2024"]
[Site "Chess.com"]
[Date "2024.05.14"]
[Round "5"]
[White "Szachulec75"]
[Black "Lovetov"]
[Result "0-1"]
[WhiteElo "2141"]
[BlackElo "2549"]
[TimeControl "180+1"]
[EndTime "8:57:25 PDT"]
[Termination "Lovetov won on time"]

1. Nf3 d5 2. g3 Bf5 3. Bg2 Nd7 4. d3 e6 5. O-O Ngf6 6. Nbd2 Be7 7. Re1 Nc5 8. b3 h6 9. Bb2 O-O 10. Ne5 a5 11. a3 Bh7 12. h3 Qd6 13. e4 dxe4 14. Nxe4 Nfxe4 15. dxe4 Bf6 16. Nc4 Qxd1 17. Raxd1 Bxb2 18.
Nxb2 Rfd8 19. f3 f5 20. b4 axb4 21. axb4 Na6 22. c3 fxe4 23. fxe4 c5 24. b5 Nc7 25. b6 Nb5 26. Rxd8+ Rxd8 27. e5 Rd7 28. Na4 Nxc3 29. Nxc3 Rd4 30. Bxb7 Rb4 31. Bc8 Rxb6 32. Na4 Rc6 33. Bd7 Rc7 34. Bxe6+ Kf8 35. Bc4 Ke7 36. Rd1 Bf5 37. g4 Bd7 38. Kf2 Bxa4 0-1

[Event "Early-Titled-Tuesday-Blitz-May-14-2024"]
[Site "Chess.com"]
[Date "2024.05.14"]
[Round "5"]
[White "Pragmatist237"]
[Black "Kushch_Nikolai"]
[Result "0-1"]
[WhiteElo "2229"]
[BlackElo "2416"]
[TimeControl "180+1"]
[EndTime "8:57:25 PDT"]
[Termination "Kushch_Nikolai won by checkmate"]

1. e4 c5 2. Nf3 e6 3. c4 a6 4. d4 cxd4 5. Nxd4 Nf6 6. Nc3 Qc7 7. Be2 b6 8. O-O Bb7 9. f3 Bd6 10. g3 Be7 11. Be3 d6 12. Rc1 Nbd7 13. b4 Rc8 14. a3 h5 15. Bd3 h4 16. g4 g6 17. a4 O-O 18. f4 e5 19. Nb3 exf4 20. Bxf4 Nh7 21.
Nd5 Qd8 22. a5 Bxd5 23. cxd5 Ne5 24. Nd4 Rxc1 25. Bxc1 bxa5 26. Bf4 Qb6 27. Be3 Bg5 28. Bf2 Qxb4 29. Qb1 Rb8 30. Qc2 Nxd3 31. Qxd3 Re8 32. Re1 Nf6 33. Nc6 Qb5 34. Qf3 a4 35. Bd4 Nxd5 36.
Rf1 Nf4 37. e5 dxe5 38. Bxe5 Rxe5 39. Nxe5 Qxe5 40. Qa8+ Kg7 41. Qxa6 Qe3+ 42. Kh1 Qe4+ 43. Kg1 Nh3# 0-1

[Event "Early-Titled-Tuesday-Blitz-May-14-2024"]
[Site "Chess.com"]
[Date "2024.05.14"]
[Round "5"]
[White "Sasha_Solovev_777"]
[Black "Mikhail_Golubev"]
[Result "1-0"]
[WhiteElo "2224"]
[BlackElo "2536"]
[TimeControl "180+1"]
[EndTime "8:57:26 PDT"]
[Termination "Sasha_Solovev_777 won on time"]

1. e4 c5 2. Nf3 d6 3. d4 Nf6 4. Nc3 cxd4 5. Nxd4 Nc6 6. Bg5 e6 7.
f4 Be7 8. Qd2 h6 9. Bh4 Nxe4 10.
Nxe4 Bxh4+ 11. g3 Be7 12. O-O-O d5 13. Nf2 O-O 14. g4 Qb6 15. Nb3 Bd7 16. Nd3 Rac8 17.
Be2 a5 18. g5 hxg5 19. fxg5 a4 20. Na1 a3 21. b3 Nb4 22. Kb1 Qd4 23. Qc1 Bxg5 24.
Nxb4 Qf6 25. Qxa3 Qe5 26. Nd3 Qxe2 27. h4 1-0

[Event "Early-Titled-Tuesday-Blitz-May-14-2024"]
[Site "Chess.com"]
[Date "2024.05.14"]
[Round "5"]
[White "Antosha_Chekhonte"]
[Black "SAInt_666"]
[Result "0-1"]
[WhiteElo "2577"]
[BlackElo "2795"]
[TimeControl "180+1"]
[EndTime "8:57:27 PDT"]
[Termination "SAInt_666 won on time"]

1. e4 c5 2. Nf3 d6 3. c3 Nf6 4. Be2 Nc6 5. d4 cxd4 6. cxd4 Nxe4 7. d5 Qa5+ 8. Nc3 Nxc3 9. bxc3 Nd8 10. a4 Qc7 11. c4 e5 12. dxe6 Nxe6 13. Nd4 Be7 14. Nb5 Qd8 15. Ba3 O-O 16. O-O Bd7 17. Nxd6 Bc6 18. c5 Qc7 19. Bc4 Rad8 20. Qg4 Kh8 21. Rad1 Bf6 22. Nxf7+ Qxf7 23. Qxe6 Qg6 24. Bd5 Rfe8 25.
Qf7 Bxd5 26. Qxg6 hxg6 27. Rfe1 Rxe1+ 28. Rxe1 Bc6 29. f3 Bxa4 0-1

[Event "Early-Titled-Tuesday-Blitz-May-14-2024"]
[Site "Chess.com"]
[Date "2024.05.14"]
[Round "5"]
[White "rasmussvane"]
[Black "Hope_6"]
[Result "1-0"]
[WhiteElo "2956"]
[BlackElo "2635"]
[TimeControl "180+1"]
[EndTime "8:57:27 PDT"]
[Termination "rasmussvane won on time"]

1. Nf3 f5 2. d3 Nf6 3. e4 d6 4.
Nc3 e5 5. exf5 Bxf5 6. d4 e4 7. Nh4 Bg4 8. Be2 Bxe2 9. Qxe2 d5 10. Bg5 c6 11. f3 Bb4 12. fxe4 dxe4 13. Nf5 Bxc3+ 14.
bxc3 O-O 15. O-O Nbd7 16. Nd6 Qe7 17. Nxb7 Rab8 18. Na5 Qe6 19. Nb3 Nd5 20. c4 Nc3 21.
Qe3 Qxc4 22. Rfe1 Rb5 23. Nd2 Qb4 24. a3 Qa4 25. Be7 Nd5 26. Qxe4 Rf7 27. Bd6 N7f6 28. Qe8+ 1-0

[Event "Early-Titled-Tuesday-Blitz-May-14-2024"]
[Site "Chess.com"]
[Date "2024.05.14"]
[Round "5"]
[White "Pumpkin_in_moonlight"]
[Black "KanalSzachowy"]
[Result "0-1"]
[WhiteElo "2184"]
[BlackElo "2407"]
[TimeControl "180+1"]
[EndTime "8:57:27 PDT"]
[Termination "KanalSzachowy won on time"]

1. e4 c5 2. Nf3 a6 3. g3 b5 4.
Bg2 Bb7 5. O-O e6 6. Re1 Nc6 7. d4 cxd4 8. Nxd4 Nf6 9. e5 Nxd4 10. Bxb7 Rb8 11. Bg2 Bc5 12. exf6 Qxf6 13. Be3 O-O 14. Nc3 d5 15. Bf4 Nc6 16. Bxb8 Bxf2+ 17. Kh1 Bxe1 18. Qxe1 Rxb8 19. Qf1 Qd4 20. Qf4 Qxf4 21. gxf4 Nd4 22. Rc1 b4 23. Na4 Ne2 24. Rf1 Rc8 25. c3 bxc3 26. Nxc3 Nxc3 27. Rc1 d4 28. bxc3 Rxc3 29.
Rxc3 dxc3 30. Be4 f5 31. Bc2 Kf7 32. Kg2 Kf6 33. Kf3 e5 34. fxe5+ Kxe5 35. Ke3 g5 36. Kf3 g4+ 37. Ke3 f4+ 38. Kd3 g3 39. hxg3 fxg3 40. Ke3 h5 41. Kf3 h4 42. Kg2 Kd4 43. Bf5 Ke3 44. Kf1 Kd2 0-1

[Event "Early-Titled-Tuesday-Blitz-May-14-2024"]
[Site "Chess.com"]
[Date "2024.05.14"]
[Round "5"]
[White "OparinGrigoriy"]
[Black "savitha1030"]
[Result "1-0"]
[WhiteElo "2981"]
[BlackElo "2533"]
[TimeControl "180+1"]
[EndTime "8:57:28 PDT"]
[Termination "OparinGrigoriy won by resignation"]

1. c4 Nf6 2. Nc3 e5 3. g3 Nc6 4. Bg2 d6 5. e4 Be7 6. Nge2 O-O 7. O-O Bg4 8. h3 Be6 9. b3 Nd7 10. d4 exd4 11. Nxd4 Nxd4 12. Qxd4 Bf6 13. Qe3 a5 14.
Bd2 a4 15. Rab1 axb3 16. axb3 Nc5 17. Nd5 Bxd5 18. cxd5 Re8 19. b4 Na4 20. Rfc1 Nb6 21. Qd3 Qd7 22. Be3 Ra6 23. Bf1 Na8 24. Qb5 c6 25.
dxc6 Rxc6 26. Qd3 Nc7 27. Rd1 d5 28. b5 Rc3 29. Qd2 Rxe4 30. b6 Ne6 31. Qxd5 Qxd5 32. Rxd5 Rec4 33. Rd7 Bd4 34. Bxc4 Bxe3 35. Bxe6 Bxf2+ 36. Kxf2 1-0

[Event "Early-Titled-Tuesday-Blitz-May-14-2024"]
[Site "Chess.com"]
[Date "2024.05.14"]
[Round "5"]
[White "MalyDominator"]
[Black "wild3000"]
[Result "0-1"]
[WhiteElo "2634"]
[BlackElo "2511"]
[TimeControl "180+1"]
[EndTime "8:57:28 PDT"]
[Termination "wild3000 won by resignation"]

1. e4 e6 2. d4 d5 3. e5 c5 4. c3 Nc6 5. Nf3 Nge7 6. Na3 Nf5 7.
Nc2 Be7 8. Bd3 cxd4 9. cxd4 Qa5+ 10. Bd2 Qb6 11. Bc3 O-O 12. O-O a5 13. Qd2 Nb4 14. Bxf5 exf5 15. a3 Nxc2 16. Qxc2 Be6 17. Ne1 Rfc8 18.
Nd3 Rc6 19. Qd2 h6 20. Kh1 Rc4 21. h3 a4 22. Rae1 Rac8 23. Re3 Rxd4 24. Bxd4 Qxd4 25. Qe2 Rc4 26. Ne1 Qc5 27. Nf3 Re4 28. Qd2 Qb6 29. Rc1 Bc5 30. Rec3 Bxf2 31. Qc2 d4 32. Rc7 Bb3 33.
Rc8+ Kh7 34. Qd2 Be3 35. Qe1 Bxc1 36. Qxc1 d3 37. Qd1 Bxd1 0-1

[Event "Early-Titled-Tuesday-Blitz-May-14-2024"]
[Site "Chess.com"]
[Date "2024.05.14"]
[Round "5"]
[White "sterpfi"]
[Black "elcala"]
[Result "1-0"]
[WhiteElo "2330"]
[BlackElo "1874"]
[TimeControl "180+1"]
[EndTime "8:57:28 PDT"]
[Termination "sterpfi won by resignation"]

1. e4 e5 2. Nf3 Nc6 3. Nc3 Bc5 4.
Nxe5 Nxe5 5. d4 Bxd4 6. Qxd4 f6 7. f4 Nc6 8. Qe3 d6 9. Bc4 Qe7 10. Nd5 Qd8 11. O-O Nge7 12. Qg3 Rg8 13. Nxe7 Nxe7 14.
Bxg8 Nxg8 15. Qxg7 Be6 16. Qxh7 Qe7 17. Qxe7+ Kxe7 18.
Bd2 Bc4 19. Rf2 Nh6 20. h3 Rg8 21. Re1 Nf7 22. Bc3 Kd7 23. e5 dxe5 24. fxe5 Nxe5 25. Bxe5 fxe5 26. Rxe5 c6 27. Rd2+ Kc7 28. Re7+ Kb6 29. Rdd7 Bd5 30. Rxb7+ Kc5 31. Rg7 Re8 32. Rxa7 Re2 33.
b3 Rxc2 34. h4 Re2 35. h5 Re6 36. Rg6 Re8 37. h6 Be4 38. Rgg7 Rh8 39. h7 Kb4 40. g4 c5 41. g5 c4 42. bxc4 Kxc4 43. Ra4+ Kd3 44.
Rxe4 Kxe4 45. g6 Kf5 46. Rg8 Rxg8 47. hxg8=Q Kf6 48. Qf7+ Kg5 49. g7 1-0

[Event "Early-Titled-Tuesday-Blitz-May-14-2024"]
[Site "Chess.com"]
[Date "2024.05.14"]
[Round "5"]
[White "slorovel"]
[Black "Casablanca"]
[Result "0-1"]
[WhiteElo "2562"]
[BlackElo "2724"]
[TimeControl "180+1"]
[EndTime "8:57:29 PDT"]
[Termination "Casablanca won by resignation"]

1. e4 e6 2. d4 b6 3. Nc3 Bb7 4. Nf3 Bb4 5. Bd3 Nf6 6. Qe2 d5 7. exd5 Nxd5 8. Bd2 Nxc3 9. bxc3 Be7 10. O-O Nd7 11.
c4 O-O 12. c3 Bf6 13. Rfd1 Re8 14. Bf4 Rc8 15. Ne5 Qe7 16. Qg4 c5 17. Nxd7 Qxd7 18. dxc5 Qc6 19. cxb6 axb6 20. Rac1 Red8 21. Bf1 Qe4 22.
Qg3 Rxd1 23. Rxd1 Qc2 24. Qd3 Qxa2 25. Qd7 Qa8 26. Bc7 Bc6 27. Qd6 Qb7 28. Bd8 Bxc3 29. Be7 Be5 30. Qd8+ Be8 31. Bh4 Rxd8 32. Rxd8 Qc6 33.
Bd3 Bf6 34. Be4 Qa4 35. Bxf6 gxf6 36. g3 Kg7 37. h4 Bc6 38. Bd3 Qd1+ 39. Bf1 Qf3 0-1

[Event "Early-Titled-Tuesday-Blitz-May-14-2024"]
[Site "Chess.com"]
[Date "2024.05.14"]
[Round "5"]
[White "Witik"]
[Black "CristianS27"]
[Result "0-1"]
[WhiteElo "2753"]
[BlackElo "2543"]
[TimeControl "180+1"]
[EndTime "8:57:29 PDT"]
[Termination "CristianS27 won by resignation"]

1. d4 Nf6 2. Nf3 g6 3. g3 Bg7 4. Bg2 O-O 5. O-O d6 6. b3 c5 7. Bb2 cxd4 8. Nxd4 d5 9. c4 Nc6 10. cxd5 Nxd5 11. Nxc6 bxc6 12. Bxg7 Kxg7 13. Qd4+ Nf6 14.
Qxd8 Rxd8 15. Bxc6 Rb8 16. Nc3 Bh3 17. Bg2 Bxg2 18.
Kxg2 Rbc8 19. Rfd1 Rxd1 20. Nxd1 Rc2 21. Kf3 Nd5 22. Ne3 Rc3 23. Ke4 Nxe3 24. fxe3 Rc2 25. Kd3 Rb2 26. e4 Kf6 27. Kd4 Rxe2 28. a4 Rxh2 29.
b4 Rg2 30. Ra3 h5 31. b5 g5 32. a5 Rb2 33. Kc5 Ke5 34. b6 axb6+ 35. axb6 Kxe4 36. Ra7 f5 37. Rxe7+ Kf3 38. Rf7 Kxg3 39. Rxf5 Kg4 40. Rf7 h4 41. b7 h3 42. Kc6 h2 43. Rh7 Kg3 44. Kc7 g4 45. b8=Q Rxb8 46. Kxb8 Kg2 0-1

[Event "Early-Titled-Tuesday-Blitz-May-14-2024"]
[Site "Chess.com"]
[Date "2024.05.14"]
[Round "5"]
[White "ChEsper99"]
[Black "urano56"]
[Result "0-1"]
[WhiteElo "2267"]
[BlackElo "2418"]
[TimeControl "180+1"]
[EndTime "8:57:29 PDT"]
[Termination "urano56 won by resignation"]

1. Nf3 d5 2. g3 c5 3. Bg2 Nc6 4. d4 cxd4 5. Nxd4 Nf6 6. O-O e5 7. Nxc6 bxc6 8. c4 Be6 9. Nc3 Rc8 10. Bg5 d4 11. Ne4 Be7 12. Qa4 Nxe4 13. Bxe7 Qxe7 14. Bxe4 Qc7 15. c5 O-O 16. f4 f5 17.
Bd3 exf4 18. Rxf4 Rb8 19. b3 Rfd8 20. Rxd4 Qe5 21. Rxd8+ Rxd8 22. Rf1 Qxc5+ 23. Rf2 g6 24. Qf4 a5 25. h4 Rd4 26. Qb8+ Kg7 27. Qc7+ Kh6 28. Kh2 Rxh4+ 29. gxh4 Qxf2+ 30. Kh1 Bd5+ 31. e4 fxe4 32. Bc4 Bxc4 33. bxc4 Qxh4+ 34. Kg2 Qg5+ 35. Kf1 e3 36. Ke2 Qc5 37. Qh2+ Qh5+ 38. Qxh5+ Kxh5 39. Kxe3 g5 40. Kd4 g4 41. Kc5 g3 42. Kxc6 g2 43.
Kb7 g1=Q 44. c5 Qxc5 0-1

[Event "Early-Titled-Tuesday-Blitz-May-14-2024"]
[Site "Chess.com"]
[Date "2024.05.14"]
[Round "5"]
[White "chess_blitz00"]
[Black "Carolinamazariegos88"]
[Result "1-0"]
[WhiteElo "2475"]
[BlackElo "1697"]
[TimeControl "180+1"]
[EndTime "8:57:30 PDT"]
[Termination "chess_blitz00 won on time"]

1. a4 d5 2. Ra3 e5 3. Re3 Nc6 4. d4 e4 5. c4 Be6 6. Nc3 Nf6 7. cxd5 Bxd5 8. Nf3 Bb4 9. Nd2 O-O 10. g4 Nxg4 11. Rg3 f5 12. e3 Ne7 13. Rhg1 Ng6 14. h3 Nf6 15. Nxd5 Nxd5 16. Bc4 c6 17. Qh5 Qf6 18.
Kd1 a6 19. h4 b5 20. Ba2 bxa4 21. Rxg6 hxg6 22. Rxg6 Qf7 23. Nc4 Nf6 24. Qg5 Nh7 25. Qg1 Ra7 26. h5 Kh8 27. Kc2 c5 28. Kb1 Qb7 29. h6 gxh6 30. Nd6 Qe7 31. Rg8+ 1-0

[Event "Early-Titled-Tuesday-Blitz-May-14-2024"]
[Site "Chess.com"]
[Date "2024.05.14"]
[Round "5"]
[White "JanMur7"]
[Black "DACF2905"]
[Result "0-1"]
[WhiteElo "2275"]
[BlackElo "2431"]
[TimeControl "180+1"]
[EndTime "8:57:31 PDT"]
[Termination "DACF2905 won by checkmate"]

1. c4 e5 2. Nc3 Nf6 3. Nf3 Nc6 4. e4 Bb4 5. d3 h6 6. Be2 d6 7. O-O Bg4 8. h3 Bxf3 9. Bxf3 O-O 10. Nd5 Bc5 11.
a3 a5 12. Be3 Nd4 13. b4 axb4 14. axb4 Rxa1 15. Qxa1 Nxd5 16. bxc5 Nc2 17. Qc1 Ndxe3 18. fxe3 Nb4 19. cxd6 Qxd6 20. Rd1 c5 21. Qc3 Ra8 22.
d4 exd4 23. exd4 cxd4 24. Qxd4 Qxd4+ 25. Rxd4 Ra1+ 26. Kh2 Rc1 27. e5 Nc6 28. Rd7 Nxe5 29. Rd8+ Kh7 30. Be4+ g6 31. Bd5 Kg7 32. Rb8 Rb1 33.
Re8 Kf6 34. Rc8 h5 35. c5 Rb5 36. Rc7 h4 37. Bxb7 Rb2 38. Bd5 Rc2 39. c6 g5 40.
Rc8 g4 41. hxg4 Rc3 42. Kg1 Nxg4 43. g3 Rxg3+ 44. Kh1 h3 45. c7 h2 46. Bg2 Rc3 47. Rd8 Rc1+ 48. Bf1 Rxf1+ 49. Kg2 h1=Q+ 50. Kg3 Qf3+ 51. Kh4 Rh1# 0-1

[Event "Early-Titled-Tuesday-Blitz-May-14-2024"]
[Site "Chess.com"]
[Date "2024.05.14"]
[Round "5"]
[White "MathiasWomacka"]
[Black "LeoWin2012"]
[Result "1-0"]
[WhiteElo "2529"]
[BlackElo "2318"]
[TimeControl "180+1"]
[EndTime "8:57:33 PDT"]
[Termination "MathiasWomacka won by checkmate"]

1. e4 e6 2. d4 c5 3. Nf3 cxd4 4.
Nxd4 a6 5. Bd3 Bc5 6. Nb3 Ba7 7. Qg4 Kf8 8. Nc3 Nf6 9. Qg3 Nc6 10. e5 Nd5 11. Nxd5 exd5 12. Bg5 Qe8 13. O-O Qxe5 14. Bf4 Qf6 15. Bd6+ Kg8 16. Rae1 g6 17. Na5 Bb8 18. Bxb8 Nxb8 19. Re8+ Kg7 20. Rxh8 Kxh8 21. Re1 Nc6 22. Nxc6 bxc6 23. Re8+ Kg7 24. Qc7 Qxb2 25. Rxc8 Rxc8 26. Qxc8 Qa1+ 27. Bf1 Qxa2 28. c3 a5 29. Qxd7 c5 30. g3 a4 31. Bb5 a3 32. Bc6 Qb1+ 33.
Kg2 a2 34. Bxd5 a1=Q 35. Qxf7+ Kh6 36. Qf8+ Kh5 37. Bf3+ Kg5 38. Qf4# 1-0

[Event "Early-Titled-Tuesday-Blitz-May-14-2024"]
[Site "Chess.com"]
[Date "2024.05.14"]
[Round "5"]
[White "juancruzarias"]
[Black "chessfatbear"]
[Result "0-1"]
[WhiteElo "2694"]
[BlackElo "2898"]
[TimeControl "180+1"]
[EndTime "8:57:34 PDT"]
[Termination "chessfatbear won by resignation"]

1. d4 Nf6 2. c4 e6 3. g3 d5 4.
Bg2 Bb4+ 5. Nd2 O-O 6. Nf3 b6 7. a3 Be7 8. cxd5 exd5 9. O-O Bb7 10. b4 Nbd7 11. Ne5 Bd6 12. Ndf3 Qe7 13. Bb2 Ne4 14. Rc1 Ndf6 15. Nd3 Rfe8 16. Nfe5 Ng5 17. Nf4 Ne6 18. e3 Nxf4 19. gxf4 a5 20. Bc3 axb4 21. axb4 Ne4 22. b5 f6 23. Nd3 Ra3 24. Bb2 Ra5 25.
Qb3 Qd7 26. Bxe4 Rxe4 27. Ra1 Rxb5 28. Qc2 Re8 29. Ra7 Bc8 30. Kh1 Qh3 31. Qe2 Bf5 32.
Ra2 Ra5 33. Rxa5 bxa5 34. Rg1 Be4+ 0-1

[Event "Early-Titled-Tuesday-Blitz-May-14-2024"]
[Site "Chess.com"]
[Date "2024.05.14"]
[Round "5"]
[White "invisible_s0ul"]
[Black "vladgoncharov"]
[Result "0-1"]
[WhiteElo "2332"]
[BlackElo "2567"]
[TimeControl "180+1"]
[EndTime "8:57:34 PDT"]
[Termination "vladgoncharov won by resignation"]

1. e4 e6 2. d4 d5 3. exd5 exd5 4.
Bd3 Nc6 5. c3 Bd6 6. Ne2 Nge7 7.
O-O h6 8. Bf4 O-O 9. b4 Bf5 10. Bxd6 Qxd6 11. Ng3 Bxd3 12. Qxd3 Qf6 13. Nd2 Ng6 14. Qb5 Qd6 15. Nf5 Qd7 16. Ne3 Nf4 17. Rfe1 a6 18. Qf1 Rfe8 19. a4 Ne7 20.
Nf3 Neg6 21. h3 c6 22. Ng4 Qf5 23. Nge5 Nxe5 24. Nxe5 Re6 25. Nf3 Nxh3+ 26. gxh3 Qxf3 27. Rxe6 fxe6 28. Re1 Qxc3 29. Rxe6 Qxd4 30. Qg2 Rf8 31. Rg6 Kh7 32. Rg4 Qa1+ 33. Kh2 Qe5+ 34. Kg1 Rf4 35. Rg3 Rxb4 36. Rg4 Rxg4 37. Qxg4 Qg5 38. Qxg5 hxg5 39. Kg2 b5 40. Kf3 0-1

[Event "Early-Titled-Tuesday-Blitz-May-14-2024"]
[Site "Chess.com"]
[Date "2024.05.14"]
[Round "5"]
[White "dontcatchmeifyoucant"]
[Black "czechbul17"]
[Result "0-1"]
[WhiteElo "2421"]
[BlackElo "2189"]
[TimeControl "180+1"]
[EndTime "8:57:34 PDT"]
[Termination "czechbul17 won by resignation"]

1. e4 e5 2. Nf3 d5 3. exd5 e4 4. Qe2 Qe7 5. Nd4 Nf6 6. d3 exd3 7. Qxe7+ Bxe7 8. Bxd3 Nxd5 9. O-O O-O 10. a3 Bf6 11. Nf5 Nc6 12. Be4 Bxf5 13. Bxf5 Nd4 14. Be4 Ne2+ 15. Kh1 Nxc1 16. Rxc1 Bxb2 17. Nd2 c6 18. Nc4 Bxa1 19. Rxa1 Rfe8 20. f3 Rad8 21. Na5 Re7 22. Kg1 Nc3 23. Bd3 Ne2+ 24. Kf2 Nf4 25. Bf1 Rd2+ 26.
Kg3 Nh5+ 27. Kh4 Nf4 28. Kg3 g5 29. Rb1 Rxc2 30. Nxb7 h5 31. Nd6 Rd7 32. Nf5 Rdd2 33.
Rb8+ Kh7 34. Ne3 Rc3 35. Nf5 Rc1 36. Ne3 Rxf1 0-1

[Event "Early-Titled-Tuesday-Blitz-May-14-2024"]
[Site "Chess.com"]
[Date "2024.05.14"]
[Round "5"]
[White "SujanaLohani"]
[Black "jasrom"]
[Result "0-1"]
[WhiteElo "1968"]
[BlackElo "2339"]
[TimeControl "180+1"]
[EndTime "8:57:34 PDT"]
[Termination "jasrom won on time"]

1. e4 e6 2. d4 d5 3. Nd2 Be7 4.
Ngf3 Nf6 5. e5 Nfd7 6. Bd3 c5 7. c3 Nc6 8. O-O g5 9. h3 h5 10. dxc5 g4 11. Nd4 Ndxe5 12. Bb5 gxh3 13. f4 hxg2 14.
Kxg2 Ng4 15. Nxc6 bxc6 16. Bxc6+ Bd7 17. Bxd7+ Qxd7 18. Nf3 Bxc5 19. b4 Bb6 20. a4 Rc8 21. a5 Be3 22. Ne5 Nxe5 23. Bxe3 Ng4 24. Bd4 Rg8 25.
Kh1 Qe7 26. Qe1 f5 27. Rf3 Kf7 28. Rh3 Kg6 29. Qe2 Rc4 30. Re1 Re8 31. Rg1 Rxd4 32. cxd4 Qxb4 33. Qh2 Qxd4 34. Rxh5 Qe4+ 0-1

[Event "Early-Titled-Tuesday-Blitz-May-14-2024"]
[Site "Chess.com"]
[Date "2024.05.14"]
[Round "5"]
[White "KorolDimitriy75"]
[Black "ImportedItalianMaple"]
[Result "0-1"]
[WhiteElo "2419"]
[BlackElo "2593"]
[TimeControl "180+1"]
[EndTime "8:57:35 PDT"]
[Termination "ImportedItalianMaple won by checkmate"]

1. d4 g6 2. Nf3 Bg7 3. c4 d6 4. Nc3 Nc6 5. e3 e5 6. Be2 f5 7.
O-O e4 8. Nd2 Nf6 9. Rb1 h5 10.
b4 h4 11. h3 g5 12. b5 Ne7 13.
f3 g4 14. hxg4 fxg4 15. fxg4 h3 16. g3 Qd7 17. g5 Ng4 18. Ndxe4 h2+ 19. Kh1 d5 20.
Nf6+ Bxf6 21. gxf6 Ng6 22. Nxd5 Nh6 23. Bh5 Kf7 24.
Qd3 Rg8 25. Ne7 Ng4 26. Bxg6+ Kf8 27. Bf5 Qd6 28. Nxc8 Qxg3 29. Bd2 Nf2+ 30. Rxf2 Qg1+ 31.
Rxg1 hxg1=Q# 0-1

[Event "Early-Titled-Tuesday-Blitz-May-14-2024"]
[Site "Chess.com"]
[Date "2024.05.14"]
[Round "5"]
[White "jaramsdal"]
[Black "Mbneu"]
[Result "1-0"]
[WhiteElo "2388"]
[BlackElo "2224"]
[TimeControl "180+1"]
[EndTime "8:57:35 PDT"]
[Termination "jaramsdal won on time"]

1. e4 c5 2. a3 Nf6 3. e5 Nd5 4.
Bc4 Nb6 5. Ba2 d5 6. exd6 exd6 7. Ne2 Be7 8. O-O O-O 9. d4 Bf6 10. Be3 Bg4 11. Nbc3 c4 12. h3 Bh5 13. Ne4 d5 14. Nxf6+ Qxf6 15. Qd2 Nc6 16. Nf4 Bg6 17. Nxg6 hxg6 18.
Rae1 Rfe8 19. c3 Ne7 20. Bg5 Qd6 21. Bb1 Nf5 22. g4 Ne7 23. h4 f6 24. Bf4 Qd7 25. f3 Rad8 26. Qh2 Kf7 27. Bc7 Rc8 28. Bd6 Nc6 29. h5 g5 30. Bf5 Rxe1 31. Rxe1 Qd8 32.
Bg6+ Kg8 33. h6 Nd7 34. hxg7 1-0

[Event "Early-Titled-Tuesday-Blitz-May-14-2024"]
[Site "Chess.com"]
[Date "2024.05.14"]
[Round "5"]
[White "rudolfjun2005"]
[Black "agvega14"]
[Result "1-0"]
[WhiteElo "2443"]
[BlackElo "2151"]
[TimeControl "180+1"]
[EndTime "8:57:37 PDT"]
[Termination "rudolfjun2005 won by resignation"]

1. e4 c5 2. Nf3 a6 3. c4 d6 4. Nc3 Nf6 5. d4 cxd4 6. Nxd4 e6 7. Be3 Qc7 8. Be2 Nbd7 9. O-O b6 10. Rc1 Bb7 11. f3 Rc8 12. Qd2 Qb8 13. Rfd1 Be7 14. Kh1 O-O 15. b4 Rfe8 16. a4 Bd8 17. Qa2 d5 18.
exd5 exd5 19. Bg1 dxc4 20. Bxc4 Ne5 21. Bf1 Qa8 22. b5 axb5 23. Ncxb5 Rxc1 24. Rxc1 Bd5 25. Qa3 h5 26. Bf2 Ng6 27. Nd6 Rf8 28. Rc8 Qa5 29. N6b5 Qd2 30. Qe3 Qxe3 31. Bxe3 h4 32. Nf5 h3 33.
gxh3 Nh5 34. Nfd6 Be7 35. Rxf8+ Bxf8 36. Bxb6 Ngf4 37. Bg2 Nxg2 38. Kxg2 Nf4+ 39. Kg3 Ne2+ 40. Kf2 Nf4 41. a5 Nxh3+ 42. Ke3 Ng5 43. a6 Nxf3 44. a7 Ne5 45. Kd4 Bg2 46. Kxe5 f6+ 47. Kd4 1-0

[Event "Early-Titled-Tuesday-Blitz-May-14-2024"]
[Site "Chess.com"]
[Date "2024.05.14"]
[Round "5"]
[White "RobertoJBM"]
[Black "Franmu14"]
[Result "1-0"]
[WhiteElo "2850"]
[BlackElo "2663"]
[TimeControl "180+1"]
[EndTime "8:57:40 PDT"]
[Termination "RobertoJBM won by resignation"]

1. d4 d5 2. Nf3 e6 3. e3 Nf6 4.
Bd3 c5 5. c3 Nc6 6. Nbd2 Bd6 7.
O-O O-O 8. dxc5 Bxc5 9. e4 e5 10. b4 Bb6 11. a3 Re8 12. c4 dxe4 13. Nxe4 h6 14. c5 Bc7 15. Nxf6+ Qxf6 16. Be4 Bf5 17. Qc2 Bxe4 18. Qxe4 Rad8 19. Be3 a6 20. Rfd1 Qe6 21.
Nh4 g6 22. g4 Kh7 23. h3 Rxd1+ 24. Rxd1 Rd8 25. Rxd8 Nxd8 26. Kg2 Qc6 27. Qxc6 bxc6 28. Kf3 Ne6 29. Ke4 f6 30. Ng2 Kg7 31. h4 Bb8 32. h5 Ng5+ 33. Bxg5 hxg5 34. hxg6 Kxg6 35. Ne3 Kf7 36. Kf5 Bc7 37. f3 Ke7 38. Nc4 Bd8 39. Nd6 Kd7 40. Ne4 a5 41. Nxf6+ Kc7 42. Kxe5 axb4 43.
axb4 Kb7 44. Ne4 Ka6 45. Nd6 Bc7 46. f4 gxf4 47. Kxf4 Bd8 48. g5 Be7 49. Kf5 Bf8 50. Kf6 1-0